 Dungeon Crawl Stone Soup version 0.20-a0-453-g91466d2 (webtiles) character file.

25 Kriby the Magician (level 2, -1/19 HPs)
             Began as a Mummy Fire Elementalist on Jan 8, 2017.
             Slain by an adder (4 damage)
             ... on level 1 of the Dungeon.
             The game lasted 00:01:01 (614 turns).

Kriby the Magician (Mummy Fire Elementalist)         Turns: 614, Time: 00:01:02

Health: -1/19      AC:  2    Str: 11    XL:     2   Next: 86%
Magic:  0/6        EV: 12    Int: 14    God:
Gold:   18         SH:  0    Dex: 12    Spells: 6/7 levels left

rFire  x . .     SeeInvis .     (no weapon)
rCold  + . .     Gourm    .     a - +0 robe
rNeg   + + +     Faith    .     (no shield)
rPois  ∞         Spirit   .     (no helmet)
rElec  .         Reflect  .     (no cloak)
rCorr  .         Harm     .     (no gloves)
MR     .....                    (no boots)
Stlth  ++........               (no amulet)
                                (no ring)
                                (no ring)

@: no status effects
A: no food or potions, fire vulnerability, cold resistance 1, negative energy
resistance 3, torment resistance, unbreathing
a: no special abilities


You were on level 1 of the Dungeon.
You were not hungry.

You visited 1 branch of the dungeon, and saw 1 of its levels.

You collected 18 gold pieces.

Inventory:

Armour
 a - a +0 robe (worn)
Scrolls
 c - 3 scrolls of noise {unknown}
 d - a scroll of immolation {unknown}
Books
 b - a book of Flames

   Spells                             Type                      Level
   a - Flame Tongue                   Conjuration/Fire             1
   b - Throw Flame                    Conjuration/Fire             2
   c - Conjure Flame                  Conjuration/Fire             3
   d - Inner Flame                    Hexes/Fire                   3
   e - Sticky Flame                   Conjuration/Fire             4
   f - Fireball                       Conjuration/Fire             5


   Skills:
 - Level 1.5 Dodging
 - Level 1.5 Stealth
 + Level 3.1 Spellcasting
 * Level 1.5 Conjurations
 + Level 2.8 Fire Magic


You had 6 spell levels left.
You knew the following spells:

 Your Spells              Type           Power        Failure   Level  Hunger
a - Flame Tongue          Conj/Fire      #....        12%         1    N/A

Dungeon Overview and Level Annotations

Branches:
Dungeon (1/15)

Altars:


Innate Abilities, Weirdness & Mutations

You do not eat or drink.
Your flesh is vulnerable to fire.
You are immune to poison.
Your flesh is cold resistant. (rC+)
You are immune to negative energy. (rN+++)
You are immune to unholy pain and torment.
You can survive without breathing.


Message History

Confirm with . or Enter, or press ? or * to list all spells.
Aiming: Flame Tongue
Press: ? - help, Shift-Dir - straight line, f - adder
Aim: an adder (lightly wounded)
The flame tongue misses the adder.
The adder barely misses you.
Your magical contamination has completely faded away.
The adder closely misses you. The adder bites you but does no damage.
The adder misses you.
Casting: Flame Tongue
Confirm with . or Enter, or press ? or * to list all spells.
Aiming: Flame Tongue
Press: ? - help, Shift-Dir - straight line, f/p - adder
Aim: an adder The flame tongue misses the adder.
The adder bites you. The adder bites you.
* * * LOW HITPOINT WARNING * * *
The adder barely misses you. The adder bites you.
You die...

....(...[......#.#.(....#.###..
....$†....##...#.#....#.#..##..
...........#...#......#.##.....
......###......#......#.##...#.
......+......#.#........##...#.
......##.....#.#......####...#.
.............#.#...............
#########....#.#####...........
...........#@................
.##.........S....#...........
.##.#............#..†........
...........#.....####.###.###
.............................
...........###.....##.#......
......................#......
.............#.....####......
.........................##+#


You could see an adder.

Vanquished Creatures
  2 dart slugs (D:1)
  2 leopard geckos (D:1)
  3 bats (D:1)
  A giant cockroach (D:1)
  A goblin (D:1)
  A hobgoblin (D:1)
  2 jackals (D:1)
  A ball python (D:1)
  2 kobolds (D:1)
  4 rats (D:1)
19 creatures vanquished.

Notes
Turn   | Place    | Note
-------+----------+-------------------------------------------
     0 | D:1      | Kriby the Mummy Fire Elementalist began the quest for the Orb.
     0 | D:1      | Reached XP level 1. HP: 13/13 MP: 4/4
    42 | D:1      | Reached skill level 1 in Conjurations
    92 | D:1      | Reached skill level 3 in Spellcasting
   192 | D:1      | Reached XP level 2. HP: 19/19 MP: 1/6
   614 | D:1      | Slain by an adder

Vault maps used:
D:1:      tarquinn_simple_flora_water_e

Skill      XL: |  1 |
---------------+----+-----
Conjurations   | 1 |  1.5
Spellcasting   | 3 |  3.1
Dodging        | |  1.5
Stealth        | |  1.5
Fire Magic     | |  2.8

Action                   || total
-------------------------++-------
Melee: Unarmed           ||     7
 Cast: Flame Tongue      ||    31
Armor: Robe              ||     4
Dodge: Dodged            ||    29
